 Dungeon Crawl Stone Soup version 0.32-a0-938-g40ac7a0 (webtiles) character file.

Game seed: 10535400305160080195

906797 rotlqkf the Merry Demigod (level 27, -4/259 HPs)
             Began as a Demigod Hunter on Apr 16, 2024.
             Slain by a guardian mummy (5 damage)
             ... while petrified
             ... on level 2 of the Tomb of the Ancients on Apr 17, 2024.
             The game lasted 02:28:29 (69397 turns).

rotlqkf the Merry Demigod (Demigod Hunter)         Turns: 69397, Time: 02:28:29

Health: -4/259     AC: 16    Str: 12      XL:     27
Magic:  40/40      EV:  2    Int: 14      God:
Gold:   8180       SH:  0    Dex: 64 (65) Spells: 32/42 levels left

rFire   + + +        Z - +9 triple crossbow (heavy)
rCold   + + +        (shield currently unavailable)
rNeg    + + +        U - +3 troll leather armour
rPois   ∞            v - +2 helmet {Int+3}
rElec   +            Q - scarf {rC+ rF+}
rCorr   +            g - +2 pair of gloves {Stlth+}
SInv    +            c - +3 pair of boots "Hagoat" {rF++ SInv}
Will    +++++        V - amulet of regeneration
Stlth   +++          J - ring "Obong" {Dex+6 SInv}
HPRegen 2.23/turn    p - ring of Wisoumei {rN+ Will++ Dex+6}
MPRegen 0.27/turn

%: no passive effects
@: brilliant, death-form, resistant, petrified, marked, contaminated, hasted and
slowed, glowing, studying 3 skills, unable to drink
A: vile attack, torment immunity, no potions, high MP 1, forlorn, divine
attributes, camouflage 1, sense surroundings 1, inability to drink after injury
1, MP-powered wands
}: 10/15 runes: decaying, serpentine, slimy, silver, abyssal, demonic, glowing,
magical, fiery, dark
a: Siphon Essence, Begin Untransformation


You were on level 2 of the Tomb of the Ancients.
You were an undying horror.
You visited 11 branches of the dungeon, and saw 52 of its levels.
You visited Pandemonium 1 time, and saw 15 of its levels.
You visited the Abyss 1 time.
You also visited: Trove, Ossuary, Gauntlet, Ice Cave, Wizlab and Desolation.

You collected 12896 gold pieces.
You spent 4716 gold pieces at shops.

Inventory:

Hand Weapons
 u - a +9 heavy longbow
 K - the +9 triple crossbow of Actus Reus {drain, rN+ Str+4}
   (You acquired it on level 5 of the Vaults)

   Str+4:     It affects your strength (+4).
   rN+:       It protects you from negative energy.
 Z - a +9 heavy triple crossbow (weapon)
Missiles
 q - 6 throwing nets
Armour
 c - the +3 pair of boots "Hagoat" (worn) {rF++ SInv}
   (You found it in a Gauntlet)

   rF++:      It greatly protects you from fire.
   SInv:      It lets you see invisible.
 g - a +2 pair of gloves of stealth (worn)
 v - a +2 helmet of intelligence (worn)
 Q - a scarf of resistance (worn)
 U - a +3 troll leather armour (worn)
Jewellery
 a - the ring "Irau" {rN+ Will- MP+9 Str+3 Slay+3}
   (You acquired it on level 2 of the Depths)

   [ring of magical power]

   Str+3:     It affects your strength (+3).
   Slay+3:    It affects your accuracy & damage with ranged weapons and melee
   (+3).
   rN+:       It protects you from negative energy.
   Will-:     It decreases your willpower.
   MP+9:      It affects your magic capacity (+9).
 b - the ring "Jaxt" {rElec rPois rC+ Will+}
   (You bought it in a shop on level 1 of the Snake Pit)

   [ring of willpower]

   rC+:       It protects you from cold.
   rElec:     It insulates you from electricity.
   rPois:     It protects you from poison.
   Will+:     It increases your willpower.
 p - the ring of Wisoumei (right hand) {rN+ Will++ Dex+6}
   (You found it in Pandemonium)

   [ring of dexterity]

   Dex+6:     It affects your dexterity (+6).
   rN+:       It protects you from negative energy.
   Will++:    It greatly increases your willpower.
 J - the ring "Obong" (left hand) {Dex+6 SInv}
   (You found it in a treasure trove)

   [ring of dexterity]

   Dex+6:     It affects your dexterity (+6).
   SInv:      It lets you see invisible.
 V - an amulet of regeneration (around neck)
Talismans
 r - a granite talisman
 S - a talisman of death (active)
Wands
 l - a wand of digging (55)
 C - a wand of quicksilver (56)
 T - a wand of warping (116)
Scrolls
 d - 19 scrolls of teleportation
 f - 18 scrolls of poison
 k - 7 scrolls of revelation
 m - 8 scrolls of fear
 s - 19 scrolls of vulnerability
 t - a scroll of enchant weapon
 y - 4 scrolls of blinking
 B - 21 scrolls of amnesia
 D - 8 scrolls of enchant armour
 E - 4 scrolls of silence
 I - 3 scrolls of immolation
 L - 10 scrolls of fog
 W - 7 scrolls of torment
 X - 2 scrolls of summoning
Potions
 i - 6 potions of magic
 j - 32 potions of curing
 n - 10 potions of attraction
 o - 12 potions of enlightenment
 x - 5 potions of ambrosia
 z - 8 potions of brilliance
 A - 9 potions of might
 F - 7 potions of haste
 N - 10 potions of lignification
 O - 2 potions of resistance
 P - 7 potions of invisibility
 R - 8 potions of heal wounds
 Y - 6 potions of cancellation
Miscellaneous
 h - a phantom mirror
 w - a condenser vane
 G - a Gell's gravitambourine (2/2)
 H - a lightning rod (4/4)
 M - a box of beasts


   Skills:
 + Level 23.5 Fighting
 O Level 27 Ranged Weapons
 + Level 23.5 Dodging
 - Level 0.8 Stealth
 - Level 8.0 Spellcasting
 - Level 14.0 Translocations
 - Level 23.0 Shapeshifting


You had 32 spell levels left.
You knew the following spells:

 Your Spells              Type           Power      Damage    Failure   Level
a - Dimensional Bullseye  Hex/Tloc       18%        N/A       9%          4
b - Blink                 Tloc           100%       N/A       1%          2
c - Passage of Golubria   Tloc           61%        N/A       1%          4

Your spell library contained the following spells:

 Spells                   Type           Power      Damage    Failure   Level
 Apportation              Tloc           100%       N/A       1%          1
 Lesser Beckoning         Tloc           100%       N/A       1%          2
 Momentum Strike          Conj/Tloc      74%        3d10      1%          2
 Maxwell's Portable Pile  Tloc           61%        2d(11-31) 1%          3
 Teleport Other           Tloc           61%        N/A       1%          3
 Volatile Blastmotes      Fire/Tloc      74%        2d16      2%          3
 Dispersal                Tloc           30%        N/A       8%          6
 Gell's Gavotte           Tloc           30%        2d(25-37) 8%          6
 Iskenderun's Mystic Bla Conj/Tloc 37%            2d9        (+2d4     9%          4
 Foxfire                  Conj/Fire      32%        2x1d5     16%         1
 Freeze                   Ice            32%        1d5       16%         1
 Kiss of Death            Conj/Necr      32%        2d7       16%         1
 Magic Dart               Conj           32%        1d4       16%         1
 Necrotise                Necr           32%        1d5       16%         1
 Sandblast                Erth           16%        2d6       16%         1
 Shock                    Conj/Air       32%        1d5       16%         1
 Sting                    Conj/Alch      32%        1d5       16%         1
 Call Imp                 Summ           16%        N/A       24%         2
 Cigotuvi's Dreadful Rot  Necr/Alch/Air  16%        N/A       24%         2
 Ensorcelled Hibernation  Hex/Ice        16%        N/A       24%         2
 Jinxbite                 Hex            16%        N/A       24%         2
 Mercury Vapours          Alch/Air       16%        N/A       24%         2
 Scorch                   Fire           16%        2d5       24%         2
 Static Discharge         Conj/Air       16%        3-4/arc   24%         2
 Sublimation of Blood     Necr           8%         N/A       24%         2
 Summon Forest            Summ/Tloc      18%        N/A       26%         5
 Manifold Assault         Tloc           30%        N/A       41%         7
 Call Canine Familiar     Summ           8%         N/A       43%         3
 Confusing Touch          Hex            8%         N/A       43%         3
 Frozen Ramparts          Ice            16%        1d3       43%         3
 Fugue of the Fallen      Necr           8%         N/A       43%         3
 Hailstorm                Conj/Ice       8%         3d5       43%         3
 Inner Flame              Hex/Fire       8%         N/A       43%         3
 Mephitic Cloud           Conj/Alch/Air  8%         N/A       43%         3
 Ozocubu's Armour         Ice            8%         N/A       43%         3
 Passwall                 Erth           8%         N/A       43%         3
 Sigil of Binding         Hex            8%         N/A       43%         3
 Stone Arrow              Conj/Erth      16%        3d8       43%         3
 Summon Ice Beast         Ice/Summ       8%         N/A       43%         3
 Swiftness                Air            8%         N/A       43%         3
 Tukima's Dance           Hex            8%         N/A       43%         3
 Vampiric Draining        Necr           8%         2d6       43%         3
 Airstrike                Air            4%         2d(1-17)  85%         4
 Animate Armour           Summ/Erth      16%        N/A       85%         4
 Animate Dead             Necr           8%         N/A       85%         4
 Brom's Barrelling Bould  Conj/Erth      8%         2d3       85%         4
 Dispel Undead            Necr           8%         3d8       85%         4
 Flame Wave               Conj/Fire      8%         2d5       85%         4
 Fulminant Prism          Conj/Alch      4%         3d5       85%         4
 Ignite Poison            Fire/Alch      8%         N/A       85%         4
 Martyr's Knell           Necr/Summ      8%         N/A       85%         4
 Olgreb's Toxic Radiance  Alch           8%         N/A       85%         4
 Petrify                  Alch/Erth      8%         N/A       85%         4
 Sticky Flame             Fire/Alch      8%         2d4       85%         4
 Summon Blazeheart Golem  Fire/Summ      8%         N/A       85%         4
 Summon Lightning Spire   Summ/Air       8%         N/A       85%         4
 Disjunction              Tloc           30%        N/A       98%         8
 Alistair's Intoxication  Alch           5%         N/A       99%         5
 Arcjolt                  Conj/Air       4%         1d14      99%         5
 Borgnjor's Vile Clutch   Necr/Erth      4%         N/A       99%         5
 Curse of Agony           Necr           8%         N/A       99%         5
 Freezing Cloud           Conj/Ice/Air   4%         6-21      99%         5
 Irradiate                Conj/Alch      4%         3d13      99%         5
 Iskenderun's Battlesphe  Conj           8%         2d6       99%         5
 Lee's Rapid Deconstruct  Erth           4%         3d5*      99%         5
 Metabolic Englaciation   Hex/Ice        4%         N/A       99%         5
 Silence                  Hex/Air        4%         N/A       99%         5
 Yara's Violent Unravell  Hex/Alch       4%         3d4       99%         5
 Bombard                  Conj/Erth      4%         9d2       100%        6
 Conjure Ball Lightning   Conj/Air       4%         3x3d6     100%        6
 Eringya's Noxious Bog    Alch           4%         4d6       100%        6
 Permafrost Eruption      Ice/Erth       4%         2x4d2     100%        6
 Plasma Beam              Fire/Air       4%         2x1d14    100%        6
 Sculpt Simulacrum        Ice/Alch       4%         N/A       100%        6
 Starburst                Conj/Fire      4%         6d3       100%        6
 Enfeeble                 Hex            4%         N/A       100%        7
 Haunt                    Necr/Summ      4%         N/A       100%        7
 Malign Gateway           Summ/Tloc      18%        N/A       100%        7
 Orb of Destruction       Conj           4%         9d5       100%        7
 Ozocubu's Refrigeration  Ice            4%         4d8       100%        7
 Spellforged Servitor     Conj/Summ      4%         N/A       100%        7
 Summon Hydra             Summ           4%         N/A       100%        7
 Borgnjor's Revivificati  Necr           4%         N/A       100%        8
 Ignition                 Fire           4%         3d4       100%        8
 Infestation              Necr           4%         N/A       100%        8
 Lehudib's Crystal Spear  Conj/Erth      4%         10d3      100%        8
 Maxwell's Capacitive Co  Air            4%         ∞         100%        8
 Summon Horrible Things   Summ           4%         N/A       100%        8
 Death's Door             Necr           4%         N/A       100%        9
 Dragon's Call            Summ           4%         N/A       100%        9
 Polar Vortex             Ice            4%         N/A       100%        9
 Shatter                  Erth           4%         3d7*      100%        9


Dungeon Overview and Level Annotations

Branches:
Dungeon (15/15)            Temple (0/1) D:5            Lair (5/5) D:8
  Swamp (4/4) Lair:3        Snake (4/4) Lair:2        Slime (5/5) Lair:5
    Orc (2/2) D:10            Elf (3/3) Orc:2        Vaults (5/5) D:14
  Crypt (3/3) Vaults:3       Tomb (2/3) Crypt:3      Depths (4/4) D:15
    Zot (0/5) Depths:4    Ossuary (visited)           IceCv (visited)
 WizLab (visited)         Desolation (visited)      Gauntlet (visited)

Shops:
D:4 (=((   D:5 ((([(   D:8 *   D:9 ?!?   D:10 [([![   Orc:2 ?(!!   Elf:1 *
Elf:2 =   Elf:3 ?   Snake:1 **:**[   Snake:4 !   Vaults:4 (   Vaults:5 =
Depths:1 *

Portals:
Hell: Lair:5 Depths:1 Depths:2 Depths:3 Depths:4
Abyss: Depths:3
Pandemonium: Depths:1 Depths:2
Ziggurat: Depths:3

Annotations:
D:4 2 transporters, bochi's ghost, amateur OnGl
D:5 1 runed translucent door, PublicAnimeNo1's ghost, novice MDFi
Swamp:1 1 runed translucent door, Huckle's ghost, journeyman FeSh
Elf:1 3 runed translucent doors, Axtemub's ghost, adept DrIE; Xyamem's ghost, journeyman DrCj; rotlqkf's ghost, adept DgHu
Elf:2 1 runed translucent door
Elf:3 2 exclusions


Innate Abilities, Weirdness & Mutations

You are an undying horror.
Your melee and unarmed attacks drain, slow and weaken victims.
You are immune to unholy pain and torment.
You cannot drink.
You are immune to poison.
You have an increased reservoir of magic. (+10% MP)
You shall have no god before yourself.
Your divine heritage dramatically boosts your attributes as you level up.
Your skin changes colour to match your surroundings (Stealth+).
You passively map a small area around you.
You occasionally lose the ability to drink potions when taking damage.
You expend magic power (3 MP) to strengthen your wands.


Message History

Your guardian mummy barely misses the guardian mummy.
Your mummy priest prays to its god.
The death scarab bites your mummy priest!!
The death scarab drains your mummy priest's vigour!
Your mummy priest seems to slow down.
The death scarab bites your sixfirhy.
The death scarab bites your mummy priest!
The death scarab bites you!
* * * LOW HITPOINT WARNING * * *
The death scarab drains your vigour!
You feel as though you will be slow longer.
The death scarab bites your sixfirhy!!
The death scarab barely misses your mummy priest.
The death scarab closely misses your sixfirhy.
The guardian mummy hits you but does no damage.
The death scarab bites your mummy priest.
The death scarab drains your mummy priest's vigour!
Your mummy priest seems to slow down.
The guardian mummy hits you!
* * * LOW HITPOINT WARNING * * *
The mummy hits your mummy priest!
The death scarab completely misses your sixfirhy.
Your guardian mummy hits the guardian mummy!
The guardian mummy hits you but does no damage.
Your red devil hits the death scarab from afar with a +1 demon trident of venom!!
The death scarab is destroyed!
Your extra speed is starting to run out.
The death scarab bites you!!
* * * LOW HITPOINT WARNING * * *
A death scarab comes into view.
The death scarab bites your mummy priest!!
Your mummy priest is destroyed!
Your mummy priest dissolves into shadows!
Your red devil disappears in a puff of smoke!
Your sixfirhy disappears in a puff of smoke!
The guardian mummy hits you.
* * * LOW HITPOINT WARNING * * *
The guardian mummy hits your guardian mummy!
The guardian mummy hits you!
You die...

** ########## * ,
#.....M..# ^ ,
,,...#...MM...# , , *
...'..Mz....# ,
,...#....MM§.# , ,,, ,
^#...BB†Z.# , , , ,
*########'############
, .B.....(..... ,
........^..B. *^ , s
#...... , , , .#......
, #.............


You could see an emperor scorpion (summoned, inner flame), 4 guardian mummies, 3
death scarabs, a mummy (unaware), a storm dragon skeleton (inner flame) and a
friendly guardian mummy (summoned).

Vanquished Creatures
  Cerebov (Pan)
  the Royal Jelly (Slime:5)
  Mnoleg (Pan)
  Gloorx Vloq (Pan)
  Lom Lobon (Pan)
  A dread lich (Crypt:3)
  Mennas (Pan)
  6 pandemonium lords (Pan)
  A juggernaut (Depths:3)
  2 royal mummies
  Sojobo (Depths:1)
  Josephina (Crypt:2)
  Boris (4 times) (Vaults:4 Vaults:5 Depths:3 Crypt:2)
  Bai Suzhen (Vaults:3)
  The ghost of Waammiq the Devastator, a veteran GrEE of Lugonu (Crypt:1)
  A golden dragon (Depths:4)
  the Enchantress (D:15)
  A bone dragon (Abyss:1)
  7 Tzitzimimeh (Pan)
  A pearl dragon (Pan)
  A shard shrike zombie (Crypt:3)
  18 Brimstone Fiends (Pan)
  6 tentacled monstrosities
  Zenata (Elf:2)
  Jorgrun (Swamp:1)
  5 Hell Sentinels (Pan)
  6 Ice Fiends (Pan)
  5 titans
  A walking earthen tome (Depths:1)
  5 liches
  A deep elf blademaster (Crypt:1)
  A walking divine tome (Depths:1)
  27 acid blobs
  A deep elf master archer (Elf:3)
  3 walking frostbound tomes (Pan)
  9 sphinxes
  2 quicksilver dragons
  21 Executioners (Pan)
  2 ancient champions (Crypt:1)
  7 shadow dragons
  A tentacled starspawn (Abyss:1)
  Agnes (D:14)
  6 tengu reavers
  3 thorn hunters
  3 storm dragons (Vaults:5)
  4 protean progenitors (Pan)
  5 daevas (Pan)
  Donald (Swamp:1)
  Roxanne (D:14)
  14 azure jellies
  5 nagarajas
  A draconian monk (Abyss:1)
  Aizul (Snake:4)
  11 rockslimes
  11 fenstrider witches
  6 revenants
  A draconian knight (Depths:4)
  7 frost giants
  A ghost moth (Pan)
  12 demonspawn warmongers (Pan)
  2 iron dragons (Vaults:5)
  Louise (Snake:4)
  A draconian scorcher (WizLab)
  8 deep elf sorcerers
  3 fire giants
  3 imperial myrmidons (Desolation)
  16 vault wardens
  A spectral caustic shrike (Crypt:3)
  5 curse skulls
  3 orc warlords
  23 balrugs (Pan)
  23 reapers
  3 deep elf elementalists
  3 angels (Pan)
  16 ironbound preservers
  11 ghouls
  A draconian stormcaller (Depths:4)
  13 demonspawn blood saints (Pan)
  The ghost of Huckle the Cruncher, a journeyman DEGl of Sif Muna (Orc:2)
  29 cacodemons (Pan)
  7 formless jellyfish
  9 quicksilver oozes
  18 demonspawn corrupters (Pan)
  5 spriggan defenders
  8 very ugly things
  4 draconian annihilators
  6 ironbound thunderhulks
  5 juggernaut skeletons (Pan)
  5 vampire knights
  12 stone giants
  A broodmother (Swamp:4)
  22 demonspawn black suns (Pan)
  11 deep elf death magi
  A black draconian (Depths:4)
  7 apis (Pan)
  22 lorocyprocas (Pan)
  5 eleionomae
  A yellow draconian (Depths:4)
  8 bunyips
  Azrael (Elf:2)
  6 deep elf demonologists
  6 deep elf annihilators (Elf:3)
  12 purple draconians
  A white draconian (Depths:4)
  20 dire elephants
  6 spark wasps
  A halazid warlock (Desolation)
  9 war gargoyles
  5 eidola
  10 ettins
  26 blizzard demons
  7 statues (WizLab)
  2 crystal guardians
  2 merfolk javelineers
  An acid blob zombie (Crypt:1)
  2 shambling mangroves
  24 green deaths (Pan)
  2 merfolk impalers
  4 mummy priests (Tomb:1)
  12 fire dragons
  8 ragged hierophants (Desolation)
  4 deep elf high priests
  4 jiangshi (Crypt:1)
  5 great orbs of eyes
  A spriggan zombie (Crypt:1)
  10 yaktaur captains
  19 hydras
  Harold (Lair:1)
  Fannar (Lair:1)
  7 servants of whispers (Desolation)
  4 ghost crabs
  6 hell beasts
  2 salamander tyrants (Snake:4)
  An Orb Guardian zombie (Crypt:2)
  4 spriggan skeletons
  12 ironbound frosthearts
  6 ice dragons
  37 vault guards
  3 rakshasas
  7 alligators
  8 spriggan air magi
  3 ogre magi
  11 peacekeepers
  2 radroaches (Pan)
  A death knight (Crypt:2)
  3 catoblepae
  10 anacondas
  A merfolk aquamancer (Pan)
  3 two-headed ogres
  27 dancing weapons
  12 centaur warriors
  A fenstrider witch skeleton (Crypt:1)
  13 death yaks
  A spectral stone giant (Crypt:3)
  A boulder beetle (Lair:3)
  6 tengu warriors
  3 deep troll earth magi
  6 death scarabs (Tomb:2)
  4 occultists
  7 vampire magi
  5 shock serpents
  7 thrashing horrors
  3 hell hogs (Pan)
  12 spriggans
  25 deep elf knights
  6 deep troll shamans
  12 demonic crawlers
  63 soul eaters
  Urug (Lair:2)
  18 naga warriors
  An orc high priest (Elf:3)
  5 spriggan berserkers
  10 naga sharpshooters
  2 wretched stars (Abyss:1)
  66 sun demons (Pan)
  A titan skeleton (Tomb:1)
  9 hell knights
  A shock serpent (shapeshifter) (Elf:1)
  A skyshark (Lair:5)
  2 fire crabs (Abyss:3)
  44 sixfirhies
  A fire crab (shapeshifter) (Vaults:5)
  2 hellephant skeletons (Pan)
  5 goliath frogs
  6 iron trolls
  A salamander mystic (Snake:3)
  10 flayed ghosts
  A sea snake (shapeshifter) (Elf:2)
  3 spriggan druids
  2 cherubim (Pan)
  2 anaconda zombies
  A ghost moth zombie (Crypt:1)
  28 shadow demons (Pan)
  37 skeletal warriors
  6 glowing orange brains
  13 shadow wraiths
  24 deep elf archers
  10 mana vipers
  A spatial maelstrom (Abyss:1)
  4 swamp dragons
  62 deep trolls
  A steelbarb worm (shapeshifter) (Vaults:5)
  A swamp dragon (shapeshifter) (Vaults:5)
  A harpy (shapeshifter) (D:11)
  5 naga ritualists
  4 thermic dynamos
  8 sun moths (Pan)
  A spriggan simulacrum (Crypt:1)
  5 arcanists
  An obsidian bat (Abyss:1)
  33 ironbound convokers
  9 bog bodies
  4 orc knights
  6 lindwurms
  29 deep elf pyromancers
  19 deep elf zephyrmancers
  4 harpies
  9 orc sorcerers
  3 steelbarb worms (Pan)
  26 phantasmal warriors
  6 necromancers
  An oklob plant (Gauntlet)
  An alligator zombie (Abyss:1)
  5 will-o-the-wisps
  2 cyclopes (shapeshifter)
  16 manticores
  4 cyclopes
  10 salamanders
  Maurice (D:8)
  A meliai (shapeshifter) (Elf:1)
  46 large abominations
  2 spectral centaurs (Crypt:3)
  A worldbinder (Abyss:1)
  6 shining eyes
  44 ugly things
  A dire elephant zombie (Crypt:3)
  11 guardian serpents
  18 elephants
  7 kobold blastminers
  2 apocalypse crabs (Abyss:3)
  14 vault sentinels
  2 rust devils
  4 Executioner simulacra (Pan)
  A torpor snail (Gauntlet)
  13 naga magi
  38 black mambas
  7 ice statues
  25 eyes of devastation
  66 smoke demons
  4 hellions
  Maggie (D:6)
  10 komodo dragons
  An unseen horror (shapeshifter) (Elf:1)
  24 orange demons
  8 cane toads
  2 kobold demonologists
  An unseen horror (D:13)
  5 rime drakes
  8 efreet (Pan)
  A dire elephant skeleton (Crypt:3)
  2 tormentors (Pan)
  24 yaktaurs
  A yellow draconian skeleton (Crypt:1)
  16 tengu conjurers (WizLab)
  10 ice devils
  6 trolls
  A red draconian skeleton (Crypt:1)
  10 freezing wraiths
  4 ancient zymes (Abyss:1)
  An iron giant simulacrum (Crypt:2)
  A guardian mummy (Tomb:2)
  A white draconian skeleton (Crypt:3)
  7 red devils (Pan)
  A minotaur skeleton (Crypt:3)
  3 merfolk (Pan)
  A bloated husk (Swamp:2)
  22 hellwings
  A polar bear (Lair:3)
  A purple draconian skeleton (Crypt:2)
  4 tyrant leeches
  17 blink frogs
  A raiju (shapeshifter) (D:13)
  A fire dragon zombie (Crypt:2)
  67 saltlings (Desolation)
  A tarantella (shapeshifter) (Depths:3)
  Grinder (D:4)
  15 hornets
  12 raiju
  A harpy skeleton (Tomb:1)
  6 glass eyes
  10 dream sheep (Lair:5)
  A satyr zombie (Crypt:1)
  3 air elementals
  86 slime creatures
  3 centaur simulacra
  An ice dragon skeleton (Tomb:1)
  6 wyverns
  13 water elementals
  Eustachio (D:5)
  An ettin skeleton (Crypt:1)
  A black mamba skeleton (Tomb:2)
  A warg (Elf:3)
  7 basilisks
  6 starcursed masses (Abyss:1)
  11 shadows
  11 ushabtiu (Tomb:1)
  14 wraiths
  46 ynoxinuls
  8 golden eyes
  62 yaks
  3 fire elementals
  15 vampire mosquitoes
  38 chaos spawn
  Grum (D:8)
  A death yak simulacrum (IceCv)
  A steam dragon (D:8)
  34 neqoxecs
  A redback (shapeshifter) (Vaults:5)
  Edmund (D:6)
  A harpy simulacrum (Crypt:2)
  18 swamp worms
  3 acid dragons
  37 nagas
  A two-headed ogre zombie (Crypt:1)
  22 water moccasins
  15 hell hounds
  2 swamp drakes (Swamp:4)
  A sky beast (D:6)
  2 ice beasts (D:7)
  43 orc warriors
  2 black bears
  20 laughing skulls
  5 small abominations
  14 wolves
  22 centaurs
  8 ogres
  A phantom (D:7)
  5 kobold brigands
  A draconian zombie (Crypt:1)
  2 earth elementals
  11 weeping skulls
  2 elf zombies (Ossuary)
  A cyclops zombie (Crypt:2)
  14 bullfrogs
  A wyvern skeleton (Crypt:3)
  A scorpion (D:6)
  10 wights
  A cane toad simulacrum (IceCv)
  12 killer bees
  An elephant simulacrum (IceCv)
  9 electric eels
  5 howler monkeys
  2 hounds (D:4)
  2 centaur zombies
  2 human zombies (Ossuary)
  5 jellies
  14 orc priests
  A scrub nettle (Lair:5)
  Ijyb (D:5)
  An iguana (shapeshifter) (D:13)
  An iron imp (Abyss:1)
  3 sleepcaps
  A black bear skeleton (Crypt:2)
  An iguana (D:6)
  Natasha (thrice) (D:2)
  22 orc wizards
  7 hell rats
  A wolf simulacrum (IceCv)
  2 crocodile zombies (Ossuary)
  A hound skeleton (Crypt:2)
  A hound zombie (Crypt:2)
  22 mummies
  A gnoll (D:4)
  9 adders
  3 ufetubi
  10 adder zombies (Ossuary)
  A dart slug (D:4)
  3 ribbon worms
  69 orcs
  4 bats
  14 endoplasms
  6 giant cockroaches
  2 gnoll zombies (Ossuary)
  6 goblins
  8 hobgoblins
  9 jackals
  3 quokkas
  12 ball pythons
  4 ball python zombies (Ossuary)
  3 frilled lizards
  2 jackal zombies
  25 kobolds
  5 kobold zombies (Ossuary)
  An orc skeleton (Crypt:2)
  3 orc zombies
  10 rats
  A rat skeleton (Crypt:2)
  A river rat skeleton (Crypt:3)
  11 ball lightnings (Pan)
  A butterfly (Lair:4)
  A starspawn tentacle (Abyss:1)
  2 tentacles (Abyss:3)
3344 creatures vanquished.

Vanquished Creatures (collateral kills)
  A death scarab (Tomb:2)
  An orc wizard (Orc:2)
  An orc (Orc:2)
3 creatures vanquished.

Vanquished Creatures (others)
  2 pandemonium lords (Pan)
  A titan (Crypt:1)
  A kraken (Abyss:3)
  An eldritch tentacle (Pan)
  A nagaraja (Pan)
  A vault guard (Vaults:5)
  An ironbound frostheart (Vaults:5)
  An alligator (Swamp:2)
  A soul eater (Pan)
  A sixfirhy (Pan)
  A deep elf zephyrmancer (Elf:3)
  A black mamba (Snake:3)
  An apocalypse crab (Abyss:3)
  A smoke demon (Pan)
  A bloated husk (Swamp:1)
  3 hellwings (Pan)
  A neqoxec (Pan)
  A harpy simulacrum (Crypt:2)
  A hydra simulacrum (Crypt:2)
  A white imp (Abyss:3)
  14 ball lightnings (Pan)
  4 foxfires (Swamp:1)
  2 starspawn tentacles (Abyss:1)
  4 tentacles (Abyss:3)
47 creatures vanquished.

Grand Total: 3394 creatures vanquished

Notes
Turn   | Place    | Note
-------+----------+-------------------------------------------
     0 | D:1      | rotlqkf the Demigod Hunter began the quest for the Orb.
     0 | D:1      | Reached XP level 1. HP: 17/17 MP: 3/3
   210 | D:1      | Reached skill level 4 in Ranged Weapons
   222 | D:1      | Reached XP level 2. HP: 10/24 MP: 4/4
   733 | D:1      | Reached XP level 3. HP: 25/29 MP: 5/5
  1059 | D:2      | Noticed Natasha
  1062 | D:2      | Killed Natasha
  1063 | D:2      | Reached skill level 5 in Ranged Weapons
  1092 | D:2      | Noticed Natasha
  1101 | D:2      | Reached XP level 4. HP: 36/36 MP: 6/6
  1289 | D:2      | Killed Natasha
  1556 | D:2      | Noticed Natasha
  1564 | D:2      | Killed Natasha
  1565 | D:2      | Reached skill level 6 in Ranged Weapons
  1565 | D:2      | Reached XP level 5. HP: 27/41 MP: 7/7
  2331 | D:4      | Noticed an ogre
  2338 | D:4      | Killed an ogre
  2339 | D:4      | Reached skill level 7 in Ranged Weapons
  2339 | D:4      | Reached XP level 6. HP: 22/48 MP: 8/8
  2449 | D:4      | Found a transporter.
  2465 | D:4      | Noticed bochi's ghost (amateur OnGl)
  2896 | D:4      | Found Bisig's Weapon Shop.
  2898 | D:4      | Found Remeigis's Weapon Emporium.
  2899 | D:4      | Found Fipyl's Jewellery Emporium.
  2899 | D:4      | Found Suxzotsa's Weapon Shop.
  2916 | D:4      | Bought a +0 orcbow for 35 gold pieces
  2954 | D:4      | Noticed Grinder
  2955 | D:4      | Paralysed by Grinder for 2 turns
  2964 | D:4      | Paralysed by Grinder for 3 turns
  2967 | D:4      | Killed Grinder
  2968 | D:4      | Reached skill level 8 in Ranged Weapons
  2968 | D:4      | Reached XP level 7. HP: 26/53 MP: 9/9
  3100 | D:4      | Found a transporter.
  3129 | D:4      | Identified the +7 halberd "Giantbane" {vamp, Dex+3}
  3168 | D:5      | Entered Level 5 of the Dungeon
  3203 | D:5      | Found Equiz's Antique Weapon Emporium.
  3354 | D:5      | Found Ushrexil's Antique Armour Shoppe.
  3383 | D:5      | Noticed Ijyb
  3397 | D:5      | Killed Ijyb
  3518 | D:5      | Found Jupsyar's Weapon Emporium.
  3525 | D:5      | Found a runed translucent door.
  3525 | D:5      | Noticed PublicAnimeNo1's ghost (novice MDFi)
  3548 | D:5      | Found Ocwetz's Weapon Boutique.
  3650 | D:5      | Found a staircase to the Ecumenical Temple.
  3653 | D:5      | Noticed Eustachio
  3719 | D:5      | Killed Eustachio
  3720 | D:5      | Reached skill level 9 in Ranged Weapons
  3893 | D:5      | Found Uwiejim's Antique Weapon Shop.
  4168 | D:6      | Reached XP level 8. HP: 60/60 MP: 10/10
  4254 | D:6      | Reached skill level 10 in Ranged Weapons
  4279 | D:6      | Found a sand-covered staircase.
  4325 | Ossuary  | Entered an ossuary
  4917 | D:6      | Noticed Edmund
  4935 | D:6      | Killed Edmund
  5003 | D:6      | Noticed Maggie
  5288 | D:6      | Killed Maggie
  5289 | D:6      | Reached skill level 5 in Fighting
  5289 | D:6      | Reached skill level 5 in Dodging
  5289 | D:6      | Reached XP level 9. HP: 27/74 MP: 11/11
  6428 | D:8      | Noticed an elephant
  6428 | D:8      | Found a staircase to the Lair.
  6647 | D:8      | Noticed Grum
  6715 | D:7      | Reached skill level 11 in Ranged Weapons
  6899 | D:8      | Killed Grum
  7032 | D:8      | Noticed Maurice
  7052 | D:8      | Killed Maurice
  7053 | D:8      | Reached XP level 10. HP: 83/83 MP: 13/13
  7103 | D:8      | Reached skill level 12 in Ranged Weapons
  7232 | D:8      | Found Pibb's Overcharged Wands.
  7275 | D:8      | Killed an elephant
  7457 | D:8      | You fall into a shaft and drop 2 floors!
  7457 | D:10     | Entered Level 10 of the Dungeon
  7599 | D:9      | Reached skill level 13 in Ranged Weapons
  8382 | D:9      | Found Coplorch's Magic Scroll Shoppe.
  8387 | D:9      | Bought a scroll of identify for 20 gold pieces
  8387 | D:9      | Bought a scroll of teleportation for 30 gold pieces
  8399 | D:9      | Gained mutation: Your health recovers twice as slowly from
                  | being drained. [potion of mutation]
  8399 | D:9      | Gained mutation: You are agile. (Dex +4, Str/Int -1)
                  | [potion of mutation]
  8399 | D:9      | Gained mutation: You passively map a small area around you.
                  | [potion of mutation]
  8399 | D:9      | Gained mutation: Your flesh is heat resistant. (rF+)
                  | [potion of mutation]
  8664 | D:9      | Found Vigidgh's Distillery.
  8690 | D:9      | Found Hipriat's Magic Scroll Shoppe.
  8698 | D:9      | Bought a scroll of blinking for 127 gold pieces
  8698 | D:9      | Bought a scroll of poison for 68 gold pieces
  8949 | D:10     | Found Oliwuxi's Antique Weapon Emporium.
  8949 | D:10     | Found Woewnonuf's Antique Armour Emporium.
  8960 | D:10     | Found Qifen's Distillery.
  9003 | D:10     | Found a staircase to the Orcish Mines.
  9079 | D:10     | Found Agrusy's Armour Shoppe.
  9263 | D:10     | Identified the +8 plate armour "Vepem" {Rampage rN+}
  9294 | D:10     | Found Diupouh's Armour Boutique.
  9327 | D:10     | Reached skill level 14 in Ranged Weapons
  9697 | D:11     | Noticed a manticore
  9712 | D:11     | Killed a manticore
  9738 | D:11     | Noticed a two-headed ogre
  9761 | D:11     | Killed a two-headed ogre
  9762 | D:11     | Reached XP level 11. HP: 78/89 MP: 14/14
  9805 | D:11     | Found a gate leading to a gauntlet.
  9810 | Gauntlet | Entered a Gauntlet
  9810 | Gauntlet | Found a transporter.
  9823 | Gauntlet | Found a transporter.
  9834 | Gauntlet | Found a transporter.
  9839 | Gauntlet | Found a transporter.
  9848 | Gauntlet | Noticed a necromancer
  9854 | Gauntlet | Noticed a death yak
  9855 | Gauntlet | Noticed a death yak
  9860 | Gauntlet | Found a transporter.
  9866 | Gauntlet | Noticed a death yak
  9871 | Gauntlet | Noticed a dire elephant
  9873 | Gauntlet | Found a transporter.
  9885 | Gauntlet | Found a transporter.
  9894 | Gauntlet | Noticed a death yak
  9895 | Gauntlet | Noticed a death yak
  9896 | Gauntlet | Noticed a death yak
  9897 | Gauntlet | Found a transporter.
  9898 | Gauntlet | Noticed a necromancer
  9907 | Gauntlet | Noticed a death scarab
  9909 | Gauntlet | Found a transporter.
  9915 | Gauntlet | Noticed a death scarab
  9919 | Gauntlet | Noticed a glowing orange brain
  9921 | Gauntlet | Found a transporter.
  9922 | Gauntlet | Noticed a glowing orange brain
  9938 | Gauntlet | Found a transporter.
  9938 | Gauntlet | Found a transporter.
  9960 | Gauntlet | Found a transporter.
  9960 | Gauntlet | Found a transporter.
  9982 | Gauntlet | Found a transporter.
 10004 | Gauntlet | Found a transporter.
 10081 | Gauntlet | Found a transporter.
 10106 | Gauntlet | Found a transporter.
 10610 | Gauntlet | Reached skill level 15 in Ranged Weapons
 10692 | Gauntlet | Identified the +3 pair of boots "Hagoat" {rF++ SInv}
 10933 | Gauntlet | Noticed a minotaur
 11130 | D:11     | Noticed a harpy
 11154 | D:11     | Killed a harpy
 11324 | D:11     | Found a portal to a secret trove of treasure.
 11362 | D:11     | Noticed a centaur warrior
 11374 | D:11     | Killed a centaur warrior
 11703 | D:11     | Noticed a four-headed hydra
 11720 | D:11     | Killed a four-headed hydra
 11721 | D:11     | Reached skill level 16 in Ranged Weapons
 11861 | D:11     | Noticed a two-headed ogre
 11868 | D:11     | Killed a two-headed ogre
 12601 | Lair:1   | Entered Level 1 of the Lair of Beasts
 12688 | Lair:1   | Noticed Fannar
 12703 | Lair:1   | Killed Fannar
 12765 | Lair:1   | Noticed Harold
 12784 | Lair:1   | Reached XP level 12. HP: 100/100 MP: 15/15
 12921 | Lair:1   | Noticed a catoblepas
 12954 | Lair:1   | Killed a catoblepas
 13704 | Lair:1   | Killed Harold
 13943 | Lair:2   | Noticed a catoblepas
 13968 | Lair:2   | Killed a catoblepas
 14093 | Lair:2   | Found a staircase to the Snake Pit.
 14159 | Lair:2   | Reached skill level 10 in Fighting
 14185 | Lair:2   | Reached skill level 10 in Dodging
 14506 | Lair:2   | Reached XP level 13. HP: 98/113 MP: 16/16
 14767 | Lair:3   | Noticed Urug
 14786 | Lair:2   | Killed Urug
 15424 | Lair:3   | Lost mutation: Your health recovers twice as slowly from
                  | being drained. [potion of mutation]
 15424 | Lair:3   | Lost mutation: Your flesh is heat resistant. (rF+) [potion
                  | of mutation]
 15424 | Lair:3   | Gained mutation: Your flesh is heat resistant. (rF+)
                  | [potion of mutation]
 15424 | Lair:3   | Gained mutation: Your system is resistant to poisons.
                  | (rPois) [potion of mutation]
 15424 | Lair:3   | Gained mutation: You have a somewhat thin skeletal
                  | structure. (Dex +2, Stealth+) [potion of mutation]
 15686 | Lair:3   | Found a staircase to the Swamp.
 16790 | Lair:5   | Entered Level 5 of the Lair of Beasts
 16984 | Lair:5   | Reached XP level 14. HP: 93/126 MP: 17/17
 17467 | Lair:5   | Found a staircase to the Slime Pits.
 17822 | Lair:5   | Reached skill level 17 in Ranged Weapons
 17875 | Lair:5   | Found a gateway to Hell.
 18087 | Orc:1    | Entered Level 1 of the Orcish Mines
 18192 | Orc:2    | Entered Level 2 of the Orcish Mines
 18218 | Orc:2    | Found a runed translucent door.
 18220 | Orc:2    | Noticed Huckle's ghost (journeyman DEGl)
 19142 | Orc:2    | Found Taoful's Antique Weapon Shoppe.
 19142 | Orc:2    | Found Uwowecy's Distillery.
 19144 | Orc:2    | Found Epniaddi's Distillery.
 19146 | Orc:2    | Found Ulle Ladwaych's Magic Scroll Emporium.
 19179 | Orc:2    | Bought a potion of haste for 150 gold pieces
 19179 | Orc:2    | Bought a potion of haste for 150 gold pieces
 19179 | Orc:2    | Bought a potion of cancellation for 120 gold pieces
 19181 | Orc:2    | Bought a potion of haste for 140 gold pieces
 19181 | Orc:2    | Bought a potion of haste for 140 gold pieces
 19181 | Orc:2    | Bought a potion of cancellation for 112 gold pieces
 19186 | Orc:2    | Bought a scroll of enchant weapon for 90 gold pieces
 19186 | Orc:2    | Bought a scroll of enchant weapon for 90 gold pieces
 19244 | Orc:2    | Found a staircase to the Elven Halls.
 19246 | Orc:2    | Noticed an orc warlord
 19252 | Orc:2    | Paralysed by an orc sorcerer for 2 turns
 19346 | Orc:2    | Killed an orc warlord
 19608 | Orc:2    | Killed Huckle's ghost
 19730 | D:12     | Found a frozen archway.
 19754 | IceCv    | Entered an ice cave
 19770 | IceCv    | Found a transporter.
 19776 | IceCv    | Identified the +1 pair of boots of the Holding Gods {rCorr}
 19782 | IceCv    | Found a transporter.
 21419 | D:13     | Learned a level 4 spell: Dimensional Bullseye
 21471 | D:14     | Reached XP level 15. HP: 125/132 MP: 18/18
 21489 | D:14     | Noticed Agnes
 21490 | D:14     | Reached skill level 18 in Ranged Weapons
 21506 | D:14     | Killed Agnes
 21611 | D:14     | Noticed Roxanne
 21719 | D:14     | Reached skill level 15 in Dodging
 22197 | D:14     | Found a gate to the Vaults.
 22467 | D:14     | Killed Roxanne
 22575 | D:15     | Entered Level 15 of the Dungeon
 22723 | D:15     | Found a staircase to the Depths.
 23354 | Swamp:1  | Entered Level 1 of the Swamp
 23362 | Swamp:1  | Noticed Donald
 23372 | Swamp:1  | Killed Donald
 23377 | Swamp:1  | Noticed Jorgrun
 23386 | Swamp:1  | Killed Jorgrun
 23501 | Swamp:1  | Reached skill level 19 in Ranged Weapons
 23598 | Swamp:1  | You fall into a shaft and drop 1 floor!
 23820 | Swamp:1  | Found a runed translucent door.
 23821 | Swamp:1  | Noticed Huckle's ghost (journeyman FeSh)
 23822 | Swamp:1  | Identified the +2 quarterstaff "Surad" {chaos, Will- Int+5
                  | SInv Stlth-}
 23894 | Swamp:1  | Reached XP level 16. HP: 139/139 MP: 19/19
 24789 | Swamp:4  | Entered Level 4 of the Swamp
 24932 | Swamp:4  | Reached skill level 20 in Ranged Weapons
 25135 | Swamp:4  | Reached skill level 1 in Translocations
 25137 | Swamp:4  | Reached skill level 1 in Spellcasting
 25215 | Swamp:4  | Got a decaying rune of Zot
 25785 | Elf:1    | Entered Level 1 of the Elven Halls
 25907 | Elf:1    | Found a crumbling gateway.
 25927 | Desolati | Entered the Desolation of Salt
 25970 | Desolati | Found the crystal ball of Wucad Mu {*channel}
 25977 | Desolati | Identified the amulet of the Firefly {Reflect rF+ Will+
                  | SH+5}
 25999 | Desolati | Got the Meditations on Flux
 26015 | Desolati | Identified the ring of Cuotom {Will+ rCorr Str+6}
 26026 | Desolati | Reached XP level 17. HP: 146/146 MP: 27/27
 26058 | Desolati | Reached skill level 5 in Translocations
 26228 | Desolati | Reached skill level 5 in Spellcasting
 26251 | Desolati | Got the Verses on Hiemal Bedrock
 26286 | Desolati | Got the Compendium of Heat and Talus
 26434 | Desolati | Identified the +10 morningstar of Xamnotif {speed, Fly
                  | rN++}
 26471 | Desolati | Got the Handbook of Fulmination
 26526 | Desolati | Got the Vademecum on Petrified Alchemy
 26603 | Desolati | Got Olav's Catalogue of Embers and the Necropsy
 26650 | Desolati | Identified the +0 scale mail of Noon {Int+2 SInv}
 26653 | Desolati | Identified the +2 long sword of Lilapaon {holy, *Rage rN+
                  | Str+7}
 27063 | Elf:1    | Found Aseotty's Alliterative Armaments.
 27530 | Elf:1    | Found a runed translucent gate.
 27530 | Elf:1    | Found a runed translucent gate.
 27530 | Elf:1    | Found a runed translucent gate.
 27531 | Elf:1    | Noticed Xyamem's ghost (journeyman DrCj)
 27532 | Elf:1    | Noticed Axtemub's ghost (adept DrIE)
 27533 | Elf:1    | Noticed rotlqkf's ghost (adept DgHu)
 28116 | Elf:2    | Identified the +0 robe "Mumaosupnoo" {Str+5}
 28135 | Elf:2    | Found Utinkuy's Jewellery Shop.
 28252 | Elf:2    | Reached skill level 1 in Shapeshifting
 28298 | Elf:2    | Reached skill level 10 in Translocations
 28315 | Elf:2    | Found a runed translucent door.
 28341 | Elf:2    | Found a runed translucent door.
 28760 | Elf:2    | Reached XP level 18. HP: 158/158 MP: 30/30
 28955 | Elf:2    | Noticed Azrael
 28968 | Elf:2    | Killed Azrael
 29105 | Elf:2    | Noticed Zenata
 29120 | Elf:2    | Killed Zenata
 29303 | Elf:2    | Found a runed translucent door.
 29496 | Elf:2    | Found Utinkuy's Jewellery Shop.
 30006 | Elf:3    | Entered Level 3 of the Elven Halls
 30093 | Elf:3    | Paralysed by an air elemental for 1 turns
 30107 | Elf:3    | Found Jideyt's Magic Scroll Shoppe.
 30431 | Elf:3    | Reached skill level 5 in Shapeshifting
 30942 | Elf:3    | Identified the +5 dagger "Qir Hile" {flame, +Blink rElec
                  | rF- Int+4}
 30942 | Elf:3    | Identified the amulet "Caulioth" {Spirit rPois MP+9}
 31240 | Elf:3    | Identified the +7 lajatang of Invincibility {drain, rPois
                  | rC+ Stlth+}
 31264 | Elf:3    | Got the Folio of Topological Earth
 31591 | Snake:1  | Entered Level 1 of the Snake Pit
 31630 | Snake:1  | Found Qeleudof's Armour Shoppe.
 31658 | Snake:1  | Bought a +0 helmet of intelligence for 218 gold pieces
 31759 | Snake:1  | Found Eworepso's Book Boutique.
 31772 | Snake:1  | Learned a level 2 spell: Blink
 31777 | Snake:1  | Learned a level 4 spell: Passage of Golubria
 31777 | Snake:1  | Found Juhuod's General Store.
 31788 | Snake:1  | Bought a condenser vane for 720 gold pieces
 32035 | Snake:1  | Reached skill level 15 in Fighting
 32229 | Snake:1  | Found Amiasan's Assorted Antiques.
 32278 | Snake:1  | Reached XP level 19. HP: 170/170 MP: 31/31
 32337 | Snake:1  | Found Acsog's Assorted Antiques.
 32337 | Snake:1  | Found Yfovana's General Store.
 32345 | Snake:1  | Bought a scroll of teleportation for 30 gold pieces
 32345 | Snake:1  | Bought a scroll of teleportation for 30 gold pieces
 32345 | Snake:1  | Bought the ring "Jaxt" {rElec rPois rC+ Will+} for 502 gold
                  | pieces
 32359 | Snake:1  | Bought a potion of heal wounds for 180 gold pieces
 32359 | Snake:1  | Bought a polished leather armour for 252 gold pieces
 32359 | Snake:1  | Identified the +0 leather armour of Pefueps {Int+2} (You
                  | bought it in a shop on level 1 of the Snake Pit)
 32718 | Snake:2  | Found Yvulezeh's Magic Scroll Shoppe.
 33481 | Snake:4  | Entered Level 4 of the Snake Pit
 33514 | Snake:4  | Found Wunutzot's Distillery.
 33548 | Snake:4  | Bought a potion of heal wounds for 70 gold pieces
 33548 | Snake:4  | Bought a potion of mutation for 112 gold pieces
 33548 | Snake:4  | Bought a potion of haste for 140 gold pieces
 33548 | Snake:4  | Bought a potion of heal wounds for 70 gold pieces
 33566 | Snake:4  | Identified a scroll of acquirement
 33581 | Snake:4  | Acquired 836 gold pieces
 33827 | Snake:4  | Noticed Louise
 33856 | Snake:4  | Identified the serpent talisman of Vehumet's Castigation
                  | {*Corrode Will++}
 33856 | Snake:4  | Noticed Aizul
 33972 | Snake:4  | Reached skill level 10 in Shapeshifting
 34058 | Snake:4  | Killed Louise
 34090 | Snake:4  | Killed Aizul
 34163 | Snake:4  | Got a serpentine rune of Zot
 34492 | Slime:1  | Entered Level 1 of the Pits of Slime
 36510 | Slime:5  | Entered Level 5 of the Pits of Slime
 36515 | Slime:5  | Reached XP level 20. HP: 175/182 MP: 32/32
 36701 | Slime:5  | Noticed the Royal Jelly
 36723 | Slime:5  | Killed the Royal Jelly
 36843 | Slime:5  | Identified the +1 chain mail of Filth {*Slow rElec rC++
                  | Int+2}
 36975 | Slime:5  | Gained mutation: You occasionally shout uncontrollably at
                  | your foes. [a shining eye]
 37012 | Slime:5  | Identified the staff of the Sandy God {rPois rF- rC+ rN+++
                  | Ice}
 37087 | Slime:5  | Identified the +4 glaive of the Other Side {venom, Str+5}
 37102 | Slime:5  | Identified the staff of Gehenna {rC+ rCorr Int+3 Ice}
 37103 | Slime:5  | Identified the staff of Lacek {rF+ rN+ rCorr Str-4 Int+2
                  | Fire}
 37105 | Slime:5  | Got a slimy rune of Zot
 37164 | Slime:5  | Identified the +1 halberd of Dishonour {elec, Int+3}
 37169 | Slime:5  | Identified the +3 chain mail of Viug {MP+9 Int+3}
 37188 | Slime:5  | Identified the +3 quarterstaff "Gulileru" {heavy, rCorr}
 37226 | Slime:5  | Got the Reference Book on Oromancy and Intoxication
 37229 | Slime:5  | Identified the +2 sling of the Telling Fulmar {heavy, rF++}
 38096 | Vaults:1 | Entered Level 1 of the Vaults
 39694 | Vaults:2 | Identified the +7 morningstar "Arbiter" {holy, Will+}
 40481 | Vaults:3 | Reached XP level 21. HP: 194/194 MP: 33/33
 40491 | Vaults:3 | Found a staircase to the Crypt.
 40540 | Vaults:3 | Reached skill level 15 in Shapeshifting
 40555 | Vaults:3 | Noticed Bai Suzhen
 40576 | Vaults:3 | Killed Bai Suzhen
 41982 | Vaults:4 | Found Ytooriov's Weapon Shop.
 42583 | Vaults:4 | Identified the +2 robe "Uptics" {rF+ rN+ Dex-5 SInv}
 42583 | Vaults:4 | Noticed Boris
 42600 | Vaults:4 | Killed Boris
 43171 | Vaults:5 | Entered Level 5 of the Vaults
 43171 | Vaults:5 | Identified the +4 robe of the Shining Light {rPois Will-
                  | Int+2 Archmagi}
 43171 | Vaults:5 | Noticed Boris
 43526 | Vaults:5 | Reached XP level 22. HP: 202/202 MP: 39/39
 43597 | Vaults:5 | Identified the +0 ring mail of Defiance {rF+ rC++ Dex-4}
 43603 | Vaults:5 | Got the Atlas of Allies
 43604 | Vaults:5 | Identified the +4 scale mail of Defiance {rF+ rN+}
 43607 | Vaults:5 | Identified the ring "Wasay" {rC+ MP+9 Str+2 Int-5 Stlth+}
 43615 | Vaults:5 | Identified the ring of Furghe {^Contam rF++ Will+ Dex+2
                  | SInv}
 44153 | Vaults:5 | Got a silver rune of Zot
 44163 | Vaults:5 | Identified the +6 great sword "Baod" {antimagic, rF+ Int+3}
 44484 | Vaults:5 | Found Jisiucs's Jewellery Boutique.
 44505 | Vaults:5 | Acquired the +9 triple crossbow of Actus Reus {drain, rN+
                  | Str+4}
 44520 | Vaults:5 | Killed Boris
 44537 | Vaults:5 | Bought a talisman of death for 1120 gold pieces
 45000 | Depths:1 | Entered Level 1 of the Depths
 45005 | Depths:1 | Noticed the Enchantress
 45092 | D:15     | Killed the Enchantress
 45227 | Depths:1 | Found Big Baal Hell's Store.
 45334 | Depths:1 | Found a one-way gate leading to the halls of Pandemonium.
 45365 | Depths:1 | Found a magical portal.
 45382 | WizLab   | Entered Iskenderun's Mystic Tower
 45770 | WizLab   | Reached skill level 21 in Ranged Weapons
 45929 | WizLab   | Got Iskenderun's Opusculum on Striking
 45929 | WizLab   | Got Iskenderun's Book of Violence
 46316 | Depths:1 | Noticed Sojobo
 46352 | Depths:1 | Paralysed by an air elemental for 1 turns
 46358 | Depths:1 | Paralysed by an air elemental for 1 turns
 46375 | Depths:1 | Killed Sojobo
 46601 | Depths:1 | Got Sif Muna's Atlas of Non-linear Nightshade
 47121 | D:11     | You paid a toll of +3 ice dragon scales to enter a treasure
                  | trove
 47122 | Trove    | Entered a treasure trove
 47129 | Trove    | Identified the +3 buckler "Wucofuk" {rF++ Int-4}
 47130 | Trove    | Identified the amulet "Sog Jutz" {Fly Will+ RegenMP+}
 47132 | Trove    | Identified the ring "Seppibug" {Will++ Str+2 Dex+6}
 47148 | Trove    | Identified the ring "Obong" {Dex+6 SInv}
 47871 | Depths:2 | Identified the staff of the Warrior-Mage {^Fragile rElec
                  | rC+ rN+++ Air}
 47874 | Depths:2 | Identified the +10 short sword of Okawaru's Approval {elec,
                  | Dex+3 SInv}
 47898 | Depths:2 | Acquired the ring "Irau" {rN+ Will- MP+9 Str+3 Slay+3}
 47947 | Depths:2 | Reached XP level 23. HP: 213/213 MP: 40/40
 48257 | Depths:3 | Identified the +4 robe of Sloth {rF+ rC+ Int+2}
 48257 | Depths:3 | Noticed Boris
 48280 | Depths:3 | Killed Boris
 48339 | Depths:3 | Found a one-way gate to the infinite horrors of the Abyss.
 48441 | Depths:3 | Noticed a juggernaut
 48451 | Depths:3 | Killed a juggernaut
 48704 | Depths:3 | Found a one-way gateway to a ziggurat.
 49105 | Depths:4 | Entered Level 4 of the Depths
 49521 | Depths:4 | Found a gate to the Realm of Zot.
 50204 | Crypt:1  | Entered Level 1 of the Crypt
 50260 | Crypt:1  | Identified the ring of Onukaf {rPois rN+}
 50807 | Crypt:1  | Found a runed translucent gate.
 50807 | Crypt:1  | Found a runed translucent gate.
 50807 | Crypt:1  | Found a runed translucent gate.
 50808 | Crypt:1  | Noticed Waammiq's ghost (veteran GrEE)
 50946 | Crypt:1  | Reached skill level 22 in Ranged Weapons
 50965 | Crypt:1  | Killed Waammiq's ghost
 51155 | Crypt:2  | Identified the ring "Tukiun" {Ice Fly rN+ Str+4 Slay+3}
 51155 | Crypt:2  | Noticed Josephina
 51162 | Crypt:2  | Identified the +4 robe of the Moon {rN++ Int+2}
 51162 | Crypt:2  | Noticed Boris
 51165 | Crypt:2  | Killed Josephina
 51171 | Crypt:2  | Killed Boris
 51646 | Crypt:2  | Found the +6 arbalest "Damnation" {damnation}
 51732 | Crypt:3  | Entered Level 3 of the Crypt
 51780 | Crypt:3  | Reached XP level 24. HP: 225/225 MP: 40/40
 51871 | Crypt:3  | Noticed a dread lich
 51888 | Crypt:3  | Killed a dread lich
 51907 | Crypt:3  | Found a staircase to the Tomb.
 52336 | Crypt:3  | Found the +5 glaive of the Guard {elec, spectral}
 52369 | Crypt:3  | Identified the staff of Amorality {Conj Fire}
 53278 | Pan      | Entered Pandemonium
 53298 | Pan      | Lost mutation: You are agile. (Dex +4, Str/Int -1) [a
                  | cacodemon]
 53307 | Pan      | Found an exit through the horrors of the Abyss.
 53630 | Pan      | Noticed Rupna Mas the pandemonium lord
 53648 | Pan      | Killed Rupna Mas the pandemonium lord
 54229 | Pan      | Noticed Foxaith the pandemonium lord
 54230 | Pan      | Gained mutation: You occasionally lose the ability to drink
                  | potions when taking damage. [a neqoxec]
 54243 | Pan      | Gained mutation: You occasionally lose the ability to read
                  | scrolls when taking damage. [a cacodemon]
 54395 | Pan      | Gained mutation: You sometimes lose the ability to read
                  | scrolls when taking damage. [a cacodemon]
 54695 | Pan      | Reached skill level 23 in Ranged Weapons
 54825 | Pan      | Identified the +1 arbalest "Betrets" {penet, rPois rC+++
                  | rCorr Str-4}
 55067 | Pan      | Noticed Magh the pandemonium lord
 55094 | Pan      | Killed Magh the pandemonium lord
 55370 | Pan      | Found an exit through the horrors of the Abyss.
 55568 | Pan      | Entered the realm of Cerebov.
 55614 | Pan      | Reached XP level 25. HP: 235/235 MP: 40/40
 56339 | Pan      | Identified the ring "Baysa" {AC+4 Str+2}
 56405 | Pan      | Identified the +2 ring mail of Jarph {rElec}
 56422 | Pan      | Found the +6 sword of Cerebov {flame}
 56422 | Pan      | Noticed Cerebov
 56576 | Pan      | Killed Cerebov
 56650 | Pan      | Reached skill level 24 in Ranged Weapons
 56713 | Pan      | Got a fiery rune of Zot
 56714 | Pan      | Identified the +7 halberd of Natenuh {venom, Int+6}
 56726 | Pan      | Identified the +1 scale mail of Reikk {rN+ Int+3}
 56731 | Pan      | Identified the ring of Wisoumei {rN+ Will++ Dex+6}
 56745 | Pan      | Identified the +6 whip of Okawaru's Supremacy {flame, rN+
                  | MP+9}
 56769 | Pan      | Identified the +8 trident "Beastslayer" {freeze, SInv}
 56786 | Pan      | Identified the +0 scale mail of the Lich-sworn {+Blink rF-
                  | Str+2}
 57665 | Pan      | Noticed Voitegra the pandemonium lord
 57682 | Pan      | Killed Voitegra the pandemonium lord
 57708 | Pan      | Identified the +10 quarterstaff of Kidu Lyr {venom, rPois
                  | rC+ rCorr Stlth+}
 58022 | Pan      | Found an exit through the horrors of the Abyss.
 58262 | Pan      | Gained mutation: Your body sometimes deteriorates upon
                  | taking damage. [a cacodemon]
 58337 | Pan      | Entered the realm of Lom Lobon.
 58686 | Pan      | Reached skill level 25 in Ranged Weapons
 58905 | Pan      | Found an exit through the horrors of the Abyss.
 59259 | Pan      | Noticed Lom Lobon
 59283 | Pan      | Killed Lom Lobon
 59404 | Pan      | Got a magical rune of Zot
 59575 | Pan      | Entered the realm of Mnoleg.
 59581 | Pan      | Reached XP level 26. HP: 244/244 MP: 40/40
 59585 | Pan      | Gained mutation: You sometimes lose the ability to drink
                  | potions when taking damage. [a cacodemon]
 59741 | Pan      | Noticed Mnoleg
 59761 | Pan      | Killed Mnoleg
 60027 | Pan      | Identified the +0 pair of gloves of the True Pharaoh
                  | {Str+5}
 60080 | Pan      | Gained mutation: You have hidden genetic potential.
                  | [mutagenic glow]
 60097 | Pan      | Gained mutation: Your spells are a little easier to cast,
                  | but a little less powerful. [mutagenic glow]
 60105 | Pan      | Gained mutation: You have sharp toenails. [mutagenic glow]
 60116 | Pan      | Gained mutation: You sometimes lose your temper in combat.
                  | [mutagenic glow]
 60130 | Pan      | Gained mutation: Your health recovers twice as slowly from
                  | being drained. [a cacodemon]
 60147 | Pan      | Gained mutation: Your body often deteriorates upon taking
                  | damage. [a neqoxec]
 60156 | Pan      | Lost mutation: You have hidden genetic potential. [a
                  | cacodemon]
 60157 | Pan      | Gained mutation: Armour fits poorly on your strangely
                  | shaped body. [a cacodemon]
 60220 | Pan      | Gained mutation: You have an uncontrollable temper. [a
                  | cacodemon]
 60235 | Pan      | Gained mutation: You are dopey. (Int -2) [a cacodemon]
 60258 | Pan      | Gained mutation: You are vulnerable to cold. (rC-) [a
                  | neqoxec]
 60679 | Pan      | Gained mutation: You are very dopey. (Int -4) [a neqoxec]
 60753 | Pan      | Got a glowing rune of Zot
 60891 | Pan      | Reached skill level 26 in Ranged Weapons
 60972 | Pan      | Gained mutation: You are weak. (Str -2) [a cacodemon]
 61254 | Pan      | Noticed Areon the pandemonium lord
 61259 | Pan      | Killed Areon the pandemonium lord
 61293 | Pan      | Gained mutation: You are very weak. (Str -4) [a neqoxec]
 62259 | Pan      | Noticed Zit Qage the pandemonium lord
 62275 | Pan      | Killed Zit Qage the pandemonium lord
 62406 | Pan      | Found an exit through the horrors of the Abyss.
 62779 | Pan      | Lost mutation: Your spells are a little easier to cast, but
                  | a little less powerful. [potion of mutation]
 62779 | Pan      | Lost mutation: You have sharp toenails. [potion of
                  | mutation]
 62779 | Pan      | Lost mutation: You sometimes lose the ability to read
                  | scrolls when taking damage. [potion of mutation]
 62780 | Pan      | Lost mutation: Armour fits poorly on your strangely shaped
                  | body. [potion of mutation]
 62780 | Pan      | Lost mutation: Your health recovers twice as slowly from
                  | being drained. [potion of mutation]
 62780 | Pan      | Gained mutation: You are covered in fur. (AC +1) [potion of
                  | mutation]
 62781 | Pan      | Lost mutation: You occasionally lose the ability to read
                  | scrolls when taking damage. [potion of mutation]
 62781 | Pan      | Lost mutation: You have an uncontrollable temper. [potion
                  | of mutation]
 62781 | Pan      | Lost mutation: You are vulnerable to cold. (rC-) [potion of
                  | mutation]
 62781 | Pan      | Lost mutation: You have a somewhat thin skeletal structure.
                  | (Dex +2, Stealth+) [potion of mutation]
 62781 | Pan      | Gained mutation: You have a somewhat thin skeletal
                  | structure. (Dex +2, Stealth+) [potion of mutation]
 62782 | Pan      | Lost mutation: Your flesh is heat resistant. (rF+) [potion
                  | of mutation]
 62782 | Pan      | Lost mutation: You are very dopey. (Int -4) [potion of
                  | mutation]
 62782 | Pan      | Lost mutation: You are dopey. (Int -2) [potion of mutation]
 62783 | Pan      | Lost mutation: You passively map a small area around you.
                  | [potion of mutation]
 62783 | Pan      | Lost mutation: You sometimes lose your temper in combat.
                  | [potion of mutation]
 62783 | Pan      | Lost mutation: You occasionally shout uncontrollably at
                  | your foes. [potion of mutation]
 62783 | Pan      | Lost mutation: You are very weak. (Str -4) [potion of
                  | mutation]
 62783 | Pan      | Gained mutation: You have sharp fingernails. [potion of
                  | mutation]
 62784 | Pan      | Lost mutation: You have sharp fingernails. [potion of
                  | mutation]
 62784 | Pan      | Lost mutation: You are covered in fur. (AC +1) [potion of
                  | mutation]
 62784 | Pan      | Gained mutation: You possess an exceptional clarity of
                  | mind. [potion of mutation]
 62785 | Pan      | Lost mutation: You have a somewhat thin skeletal structure.
                  | (Dex +2, Stealth+) [potion of mutation]
 62785 | Pan      | Lost mutation: Your body often deteriorates upon taking
                  | damage. [potion of mutation]
 62785 | Pan      | Lost mutation: You are weak. (Str -2) [potion of mutation]
 62785 | Pan      | Lost mutation: Your body sometimes deteriorates upon taking
                  | damage. [potion of mutation]
 62785 | Pan      | Gained mutation: You have hidden genetic defects. [potion
                  | of mutation]
 62785 | Pan      | Gained mutation: You have sharp toenails. [potion of
                  | mutation]
 62786 | Pan      | Lost mutation: You have sharp toenails. [potion of
                  | mutation]
 62786 | Pan      | Lost mutation: You possess an exceptional clarity of mind.
                  | [potion of mutation]
 62786 | Pan      | Gained mutation: You are agile. (Dex +4, Str/Int -1)
                  | [potion of mutation]
 62786 | Pan      | Lost mutation: You are agile. (Dex +4, Str/Int -1) [potion
                  | of mutation]
 62786 | Pan      | Gained mutation: Armour fits poorly on your strangely
                  | shaped body. [potion of mutation]
 62787 | Pan      | Lost mutation: You have hidden genetic defects. [potion of
                  | mutation]
 62787 | Pan      | Lost mutation: Your system is resistant to poisons. (rPois)
                  | [potion of mutation]
 62787 | Pan      | Gained mutation: You occasionally shout uncontrollably at
                  | your foes. [potion of mutation]
 62787 | Pan      | Gained mutation: You are somewhat resistant to further
                  | mutation. [potion of mutation]
 63086 | Pan      | Found a runed translucent door.
 63489 | Pan      | Reached XP level 27. HP: 241/250 MP: 40/40
 63564 | Pan      | Noticed Bouhuyr Esul the pandemonium lord
 63571 | Pan      | Killed Bouhuyr Esul the pandemonium lord
 63615 | Pan      | Entered the realm of Gloorx Vloq.
 63725 | Pan      | Found an exit through the horrors of the Abyss.
 64001 | Pan      | Reached skill level 27 in Ranged Weapons
 64353 | Pan      | Noticed Gloorx Vloq
 64370 | Pan      | Killed Gloorx Vloq
 64480 | Pan      | Got a dark rune of Zot
 64800 | Pan      | Lost mutation: Armour fits poorly on your strangely shaped
                  | body. [potion of mutation]
 64800 | Pan      | Lost mutation: You occasionally shout uncontrollably at
                  | your foes. [potion of mutation]
 64801 | Pan      | Lost mutation: You sometimes lose the ability to drink
                  | potions when taking damage. [potion of mutation]
 64801 | Pan      | Lost mutation: You are somewhat resistant to further
                  | mutation. [potion of mutation]
 64801 | Pan      | Lost mutation: You occasionally lose the ability to drink
                  | potions when taking damage. [potion of mutation]
 64801 | Pan      | Gained mutation: Your body sometimes deteriorates upon
                  | taking damage. [potion of mutation]
 64801 | Pan      | Gained mutation: You are vulnerable to cold. (rC-) [potion
                  | of mutation]
 64801 | Pan      | Gained mutation: Your skin changes colour to match your
                  | surroundings (Stealth+). [potion of mutation]
 64989 | Pan      | Found an exit through the horrors of the Abyss.
 65074 | Pan      | Noticed Yfaxan the pandemonium lord
 65278 | Pan      | Killed Yfaxan the pandemonium lord
 65951 | Pan      | Got Sif Muna's Book of Congelation and the Volley
 66097 | Pan      | Identified the +2 pair of boots of Blue Skies {rElec}
 66568 | Pan      | Noticed Mennas
 66588 | Pan      | Killed Mennas
 66589 | Pan      | Found an exit through the horrors of the Abyss.
 67319 | Pan      | Noticed Ekhar the pandemonium lord
 67329 | Pan      | Killed Ekhar the pandemonium lord
 67417 | Pan      | Got a demonic rune of Zot
 67429 | Pan      | Lost mutation: Your body sometimes deteriorates upon taking
                  | damage. [potion of mutation]
 67429 | Pan      | Lost mutation: You are vulnerable to cold. (rC-) [potion of
                  | mutation]
 67429 | Pan      | Gained mutation: You passively map a small area around you.
                  | [potion of mutation]
 67429 | Pan      | Gained mutation: You occasionally lose the ability to drink
                  | potions when taking damage. [potion of mutation]
 67429 | Pan      | Gained mutation: You expend magic power (3 MP) to
                  | strengthen your wands. [potion of mutation]
 67479 | Pan      | Took an exit into the Abyss.
 67479 | Abyss:1  | Escaped into the Abyss
 68331 | Abyss:3  | Got an abyssal rune of Zot
 68384 | Depths:2 | Escaped the Abyss
 68645 | Tomb:1   | Entered Level 1 of the Tomb of the Ancients
 69397 | Tomb:2   | HP: 3/259 [death scarab[a royal mummy] (12)]
 69397 | Tomb:2   | HP: 1/259 [guardian mummy (2)]
 69397 | Tomb:2   | Slain by a guardian mummy

Illustrated notes

Levels and vault maps discovered:
D:1:      ebering_hopf_link, layout_loops_corners
D:2:      layout_rooms, uniq_natasha
D:3:      layout_rooms, mainiacjoe_overflow_alcove_1
D:4:      minmay_angry_zag, layout_cave_pools, cheibriados_altar_1,
          eat_drink_and_be_merry_uskayaw, lemuel_crystal_altar,
          gammafunk_ghost_gnarly_gnolls, hangedman_decor_opposing,
          nicolae_wooded_promenade, hangedman_abyss_or_decor_stagger,
          uniq_grinder
D:5:      layout_rooms, minmay_temple_entry_nine_rooms, serial_shops,
          nicolae_diamond_shop, nicolae_shop_hallway_plus, shop,
          nicolae_shop_tiny_statue_garden, nicolae_shop_statue_plus,
          gammafunk_ghost_grave, uniq_eustachio, uniq_ijyb
D:6:      layout_cave_pools, lemuel_crystal_altar,
          mainiacjoe_overflow_small_starburst, nicolae_ossuary_entry_monument,
          uniq_edmund, uniq_maggie
D:7:      layout_gridville, general_overflow_altar, st_stairs_11,
          kennysheep_generic_room_16
D:8:      layout_gridville, mainiacjoe_overflow_boulevard,
          mainiacjoe_overflow_alcove_2, david_lair_generic,
          nicolae_shop_overcharged_wands, uniq_maurice, uniq_grum
D:9:      layout_grid_maze, kennysheep_little_box, serial_shops,
          nicolae_shop_tiny_glass, shop, nicolae_shop_trees
D:10:     layout_irregular_city, marbit_many_paths, orc_0_dummy, serial_shops,
          shop, shop, shop, nicolae_shop_tiny_waterfront, shop
D:11:     minmay_the_grid_octo_tiled_squarecenter
          [minmay_the_grid_octo_odd_swirl, minmay_the_grid_octo_teeth,
          minmay_the_grid_octo_toaster, minmay_the_grid_octo_77,
          minmay_the_grid_square_5x5_megaprize_hollow,
          minmay_the_grid_square_5x5_two_small,
          minmay_the_grid_square_5x5_checkered_statues,
          minmay_the_grid_square_5x5_tetrominoes,
          minmay_the_grid_square_5x5_sharp_hourglass], layout_basic,
          nicolae_trove_entry_crossroad, gauntlet_entry_generic,
          bh_walls_and_bars
D:12:     layout_irregular_city, portal_ice_cave_rime, minmay_misc_feat_enclosed
D:13:     nicolae_moon_pools, layout_stronghold
D:14:     layout_rooms, david_vaults_4, hangedman_abyss_or_decor_clamps,
          uniq_agnes, uniq_roxanne
D:15:     hangedman_depths_entry_try_elsewhere_first, layout_small_grid,
          serial_library_hellmonk_semicircle
Lair:1:   layout_regular_city, lemuel_fruit_tree, uniq_fannar, uniq_harold
Lair:2:   layout_cave_pods, guppyfry_snake_entry_garden,
          infiniplex_staircase_pool_2
Lair:3:   layout_cave_pods, nicolae_swamp_entry_splash_gauntlet,
          grunt_megastairs_5, uniq_urug
Lair:4:   layout_cave_pods, basic_altar, nicolae_quartered_pool_medium,
          grunt_megastairs_1, infiniplex_staircase_pool, serial_bayou_shore_a,
          lemuel_fruit_fields
Lair:5:   evil_forest, layout_hall_layers, slime_entry_2, evilmike_ambush
          [evilmike_ambush_outer_corners, evilmike_ambush_inner_basic],
          grunt_megastairs_3, lemuel_fruit_fields
Swamp:1:  layout_basic_swamp, ebering_ghost_xom, hangedman_swamp_ruin_wall,
          uniq_donald, uniq_jorgrun
Swamp:2:  layout_falls_marsh, evilmike_swamp_ruin_house_4
Swamp:3:  layout_basic_swamp, evilmike_swamp_ruin_house_1
Swamp:4:  nzn_swamp_witches_coven, layout_basic_swamp
Snake:1:  layout_onion_interference, serial_shops, nicolae_shop_rolling_square,
          shop, shop, shop, nicolae_triple_integral, minmay_shoptagon
Snake:2:  nicolae_snake_attic_fulla_snakes, layout_cave_shapes, serial_shops,
          shop
Snake:3:  layout_cave_shapes
Snake:4:  hellmonk_snake_rune_quicksilver_temple, layout_rooms, serial_shops,
          shop, serial_bayou_shore_b, uniq_louise, uniq_aizul
Slime:1:  layout_caves
Slime:2:  layout_caves
Slime:3:  layout_caves
Slime:4:  layout_caves
Slime:5:  slime_pit_nicolae_amoeboid
Orc:1:    layout_caves, enter_volcano_2
Orc:2:    st_orc_rangers, layout_diamond_mine, gammafunk_ghost_grave
Elf:1:    layout_loops_corners, gammafunk_ghost_cemetery,
          portal_desolation_entry_twin_temple, guppyfry_library_mini,
          monkooky_shop_alliterative
Elf:2:    elven_hall_of_blades_hangedman_original
          [nicolae_blade_entry_splitting_headache], layout_geoelf_octagon,
          serial_shops, nicolae_shop_tiny_glass, uniq_zenata, uniq_azrael
Elf:3:    minmay_elf_hall_spiked, layout_gridlike, serial_shops,
          nicolae_shop_rolling_square, grunt_megastairs_2
Vaults:1: grunt_vaults_swirl, v_misc_8, vaults_mumra_minichess,
          nicolae_vaults_three_branches, nicolae_vaults_little_squares_5,
          layout_vaults_omnigrid
Vaults:2: grunt_vaults_trifunnel, ontoclasm_vaults_twist,
          nicolae_vaults_closet_pinwheel_3, nicolae_vaults_weapon_check,
          hangedman_vaults_trim, nicolae_vaults_trapezoid_lopsided_4,
          nicolae_vaults_house_1, nicolae_vaults_ring_of_whatevers,
          vaults_room_ringed_pool, nicolae_vaults_asterisk,
          layout_vaults_big_room
Vaults:3: nicolae_vaults_trapezoid_lopsided_4, v_misc_1,
          nicolae_vaults_tetromino_L_1, minmay_crypt_entry_nasty_monster,
          nicolae_vaults_heist, nicolae_vaults_storage_closets_1,
          ontoclasm_vaults_shuriken, nicolae_vaults_diamond_2,
          nicolae_vaults_trapezoid_4, ontoclasm_vaults_claustrophobia,
          v_misc_28, nicolae_vaults_big_ls, ontoclasm_vaults_chip,
          vaults_dpeg_diagonal, ontoclasm_vaults_decontamination,
          nicolae_vaults_ring_of_whatevers, layout_vaults_omnibox,
          uniq_bai_suzhen
Vaults:4: nicolae_vaults_oval_intersection, nicolae_vaults_sesquioval_fish,
          hangedman_vaults_capsules, nicolae_vaults_hallways_thing,
          hangedman_vaults_unwind, v_misc_4, nicolae_vaults_ninety_degrees,
          v_misc_5, v_alt_pattern_4, cheibrodos_statue_roulette,
          nicolae_vaults_diamond_2, nicolae_vaults_two_Ls, nicolae_vaults_theta,
          layout_vaults_ring, serial_shops, nicolae_shop_bloodbath_and_beyond,
          uniq_boris
Vaults:5
Crypt:1:  layout_chaotic_city, gammafunk_ghost_fury_of_okawaru
Crypt:2:  layout_misc_corridors, uniq_margery, uniq_josephina
Crypt:3:  church_of_pain_bobbens, layout_chaotic_city
Tomb:1
Tomb:2
Depths:1: layout_basic, nicolae_hell_entry_big_baal_hell,
          hangedman_decor_slide_cut, infiniplex_enter_wizlab_water, pan_entry,
          serial_library_hellmonk_metal_room, uniq_enchantress, uniq_sojobo
Depths:2: minmay_eyes, layout_cave_pools, hell_entry, grunt_pan_entry_spiral,
          special_room [special_room_mythical_zoo]
Depths:3: kennysheep_water_balloons, layout_basic, enter_ziggurat_f,
          pf_hell_entry_tar_spiral, abyss_entry, minmay_crystal_water,
          infiniplex_staircase_river
Depths:4: grunt_zot_entry_alcove, layout_gridville, okawaru_trees_2,
          hellmouth_1, roderic_lattice_octagonal_star

Skill      XL: |  1  2  3  4  5  6  7  8  9 10 11 12 13 14 15 16 17 18 19 20 21 22 23 24 25 26 27 |
---------------+----------------------------------------------------------------------------------+-----
Ranged Weapons | 4 5 6 7 8 9 10 11 14 16 17 19 20 21 22 23 25 26 27 | 27.0
Fighting       | 5 6 7 10 12 13 15 16 18 19 20 21 23 | 23.5
Dodging        | 5 6 7 10 12 14 16 18 19 20 21 23 | 23.5
Translocations | 4 10 12 14 | 14.0
Spellcasting   | 4 5 8 |  8.0
Shapeshifting  | 2 7 11 14 16 17 18 20 22 23 | 23.0
Stealth        | |  0.8

Action                     |  1- 3 |  4- 6 |  7- 9 | 10-12 | 13-15 | 16-18 | 19-21 | 22-24 | 25-27 || total
---------------------------+-------+-------+-------+-------+-------+-------+-------+-------+-------++-------
  Melee: Orcbow            |       |       |     6 |       |       |       |       |       |       ||     6
         Longbow           |       |       |       |       |       |     3 |       |       |       ||     3
   Fire: Shortbow          |   126 |   203 |       |       |       |       |       |       |       ||   329
         Orcbow            |       |    10 |   528 |   896 |    81 |       |       |       |       ||  1515
         Arbalest          |       |       |       |       |  1158 |       |       |       |       ||  1158
         Longbow           |       |       |       |       |   216 |  1341 |  2040 |  2408 |  2223 ||  8228
         Triple crossbow   |       |       |       |       |       |       |       |    17 |   431 ||   448
  Throw: Dart              |       |       |       |     3 |       |       |       |       |       ||     3
   Cast: Dimensional Bulls |       |       |       |       |       |     3 |     4 |    17 |    12 ||    36
  Evoke: Wand              |       |       |     7 |     2 |       |     1 |       |     1 |       ||    11
         Gell's gravitambo |       |       |       |     1 |     2 |       |       |       |       ||     3
         Box of beasts     |       |       |       |       |     1 |       |       |       |       ||     1
         Lightning rod     |       |       |       |       |     1 |       |       |       |       ||     1
    Use: Potion            |       |       |     3 |     7 |     3 |     2 |     4 |     1 |    31 ||    51
         Scroll            |       |       |     1 |    17 |    22 |    13 |     8 |    19 |    18 ||    98
 Armour: Leather armour    |    51 |    57 |   146 |       |       |       |       |       |       ||   254
         Swamp dragon scal |       |       |    99 |   249 |       |       |       |       |       ||   348
         Troll leather arm |       |       |       |   120 |   386 |   129 |   222 |       |   131 ||   988
         Acid dragon scale |       |       |       |     3 |       |       |       |       |       ||     3
         Skin              |       |       |       |       |       |       |   135 |   528 |   264 ||   927
  Dodge: Dodged            |    37 |    40 |   234 |   403 |  1230 |   420 |  1744 |  3644 |  2633 || 10385
   Form: Statue            |       |       |       |       |       |       |     1 |       |     4 ||     5
                           |       |       |       |       |       |       |       |       |     2 ||     2
         Death             |       |       |       |       |       |       |       |       |     5 ||     5

Table legend: (Time is in decaauts)
 A = Elapsed time spent in this place.
 B = Non-inter-level travel time spent in this place.
 C = Inter-level travel time spent in this place.
 D = Time resting spent in this place.
 E = Time spent auto-exploring this place.
 F = Levels seen in this place.
 G = Mean time per level.
                   A        B        C        D        E       F      G
               +--------+--------+--------+--------+--------+-----+--------+
         Total |  77737 |  71453 |   6284 |   1800 |  52444 |  76 | 1022.9 |
       Dungeon |  15788 |  13802 |   1986 |    655 |  10385 |  15 | 1052.5 |
          Lair |   5844 |   5171 |    673 |     23 |   3848 |   5 | 1168.8 |
         Swamp |   2405 |   2252 |    153 |      0 |   1745 |   4 |  601.2 |
     Snake Pit |   2645 |   2484 |    161 |     44 |   1887 |   4 |  661.2 |
    Slime Pits |   3190 |   2811 |    379 |    201 |   2114 |   5 |  638.0 |
  Orcish Mines |   1711 |   1417 |    294 |      0 |    920 |   2 |  855.5 |
   Elven Halls |   4422 |   4186 |    236 |     71 |   3126 |   3 | 1474.0 |
        Vaults |   8442 |   7344 |   1098 |     74 |   5587 |   5 | 1688.4 |
         Crypt |   3935 |   3659 |    276 |      0 |   2769 |   3 | 1311.7 |
          Tomb |    793 |    680 |    113 |      0 |    498 |   2 |  396.5 |
        Depths |   6026 |   5115 |    911 |      0 |   3959 |   4 | 1506.5 |
         Abyss |   1006 |   1006 |      0 |      0 |    613 |   3 |  335.3 |
   Pandemonium |  17784 |  17784 |      0 |    160 |  13044 |  15 | 1185.6 |
         Trove |     68 |     68 |      0 |      0 |     43 |   1 |   68.0 |
       Ossuary |    554 |    554 |      0 |      0 |    369 |   1 |  554.0 |
      Ice Cave |    100 |    100 |      0 |      0 |     21 |   1 |  100.0 |
        Wizlab |    817 |    817 |      0 |    103 |    492 |   1 |  817.0 |
    Desolation |   1047 |   1047 |      0 |    138 |    447 |   1 | 1047.0 |
      Gauntlet |   1152 |   1152 |      0 |    327 |    574 |   1 | 1152.0 |
               +--------+--------+--------+--------+--------+-----+--------+

Top non-repeatable levels by time:
Vaults:5: 2232 daAuts
   Elf:2: 1861 daAuts
    D:11: 1797 daAuts
Vaults:4: 1795 daAuts
Depths:1: 1762 daAuts
 Crypt:3: 1695 daAuts
Vaults:3: 1604 daAuts
    D:14: 1538 daAuts
Vaults:1: 1537 daAuts
Depths:3: 1517 daAuts
Depths:2: 1501 daAuts
     D:7: 1366 daAuts
  Lair:5: 1342 daAuts
   Elf:3: 1340 daAuts
   Orc:2: 1330 daAuts
